 Dungeon Crawl Stone Soup version 0.22-a0-445-g8c8ef71 (webtiles) character file.

37 nikopol the Firebug (level 3, -3/19 HPs)
             Began as a Deep Elf Fire Elementalist on June 2, 2018.
             Slain by a gnoll
             ... wielding a +0 club
              (4 damage)
             ... on level 1 of the Dungeon.
             The game lasted 00:05:43 (1381 turns).

nikopol the Firebug (Deep Elf Fire Elementalist)    Turns: 1381, Time: 00:05:44

Health: -3/19      AC:  2    Str:  5    XL:     3   Next: 21%
Magic:  8/10       EV: 13    Int: 20    God:
Gold:   54         SH:  0    Dex: 15    Spells: 8/9 levels left

rFire    . . .     SeeInvis .   d - +0 short sword (speed)
rCold    . . .     Gourm    .   (no shield)
rNeg     . . .     Faith    .   a - +0 robe
rPois    .         Spirit   .   (no helmet)
rElec    .         Reflect  .   (no cloak)
rCorr    .         Harm     .   (no gloves)
MR       .....                  (no boots)
Stlth    ++........             (no amulet)
HPRegen  0.06/turn              (no ring)
MPRegen  0.12/turn              (no ring)

@: no status effects
A: no striking features
a: no special abilities


You were on level 1 of the Dungeon.
You were not hungry.

You visited 1 branch of the dungeon, and saw 2 of its levels.

You collected 54 gold pieces.

Inventory:

Hand Weapons
 d - a +0 short sword of speed (weapon)
Armour
 a - a +0 robe (worn)
 j - a +0 buckler
Scrolls
 b - a scroll of amnesia {unknown}
 e - a scroll of identify {unknown}
 f - a scroll of remove curse {unknown}
 m - 3 scrolls of enchant weapon {unknown}
Potions
 g - a potion of agility {unknown}
 h - a potion of flight {unknown}
 k - 2 potions of might {unknown}
 l - a potion of heal wounds {unknown}
Comestibles
 c - 2 rations
 i - 5 chunks of flesh


   Skills:
 + Level 2.4 Dodging
 + Level 2.6 Stealth
 * Level 0.1 Shields
 + Level 3.7 Spellcasting
 + Level 1.3 Conjurations
 + Level 4.1 Fire Magic


You had 8 spell levels left.
You knew the following spells:

 Your Spells              Type           Power        Failure   Level  Hunger
a - Flame Tongue          Conj/Fire      ##...        4%          1    None

Your spell library contained the following spells:

 Spells                   Type           Power        Failure   Level  Hunger
 Fireball                 Conj/Fire      ##........   75%         5    ######.
 Conjure Flame            Conj/Fire      ##......     13%         3    ###....
 Throw Flame              Conj/Fire      ##....       6%          2    ##.....
 Sticky Flame             Conj/Fire      ##......     38%         4    ####...
 Inner Flame              Hex/Fire       ##......     17%         3    ###....


Dungeon Overview and Level Annotations

Branches:
Dungeon (2/15)

Altars:


Message History

Aim: a gnoll, wielding a club (almost dead)
The flame tongue misses the gnoll.
The gnoll hits you with a club. The gnoll barely misses you.
You see here a dagger.
The gnoll hits you with a club.
* * * LOW HITPOINT WARNING * * *
There is a stone staircase leading up here.
The gnoll hits you with a club.
* * * LOW HITPOINT WARNING * * *
You climb upwards.
There is a stone staircase leading down here.
Casting: Flame Tongue (safe; 4% risk of failure)
Confirm with . or Enter, or press ? or * to list all spells.
Aiming: Flame Tongue (safe; 4% risk of failure)
Press: ? - help, Shift-Dir - straight line, f - gnoll
Aim: a gnoll, wielding a club (almost dead)
The flame tongue hits the gnoll.
The gnoll appears unharmed.
The gnoll is almost dead.
The gnoll hits you with a club.
You die...

######## #########......#
#.........####.#
#.........#....#
#.........#..#.#
###..............########
................@g......#
###.........##########)##
#..............# #.#
##############.# #.# #.#
#.# #.# #.# #.# #.# ♣ #.#
#.#
♣♣♣♣############.#####.#


You could see a gnoll.

Vanquished Creatures
  An ooze (D:1)
  A leopard gecko (D:2)
  3 giant cockroaches (D:1)
  2 goblins
  9 hobgoblins
  3 bats
  3 frilled lizards
  5 kobolds (D:1)
  2 rats (D:1)
29 creatures vanquished.

Notes
Turn   | Place    | Note
-------+----------+-------------------------------------------
     0 | D:1      | nikopol the Deep Elf Fire Elementalist began the quest for the Orb.
     0 | D:1      | Reached XP level 1. HP: 10/10 MP: 6/6
   241 | D:1      | Reached XP level 2. HP: 12/15 MP: 0/8
   439 | D:1      | Reached skill level 4 in Fire Magic
  1064 | D:2      | Reached XP level 3. HP: 19/19 MP: 8/10
  1381 | D:1      | Slain by a gnoll

Vault maps used:
D:1:      giann_forest_graveyard, grunt_decor_cap, amethyst_killhole
D:2:      lemuel_round_altar

Skill      XL: |  1  2 |
---------------+-------+-----
Fire Magic     | 4 |  4.1
Dodging        | |  2.4
Stealth        | |  2.6
Shields        | |  0.1
Spellcasting   | |  3.7
Conjurations   | |  1.3

Action                   || total
-------------------------++-------
 Cast: Flame Tongue      ||    65
  Eat: Chunk             ||     1
Armor: Robe              ||     3
Dodge: Dodged            ||    17

Table legend:
 A = Spawn XP
 B = Non-spawn XP
 C = Spawn XP percentage of total XP
 D = Spawn monster count
 E = Non-spawn monster count
 F = Spawn count percentage of total count
 G = Total turns spent on level
                    A         B        C        D         E        F      G
               +---------+---------+-------+---------+---------+-------+---------
         Total |       0 |      53 |   0.0 |       0 |      29 |   0.0 |  1381
               +---------+---------+-------+---------+---------+-------+---------
           D:1 |       0 |      38 |   0.0 |       0 |      21 |   0.0 |  1000
           D:2 |       0 |      15 |   0.0 |       0 |       8 |   0.0 |   381
               +---------+---------+-------+---------+---------+-------+---------
